 Dungeon Crawl Stone Soup version 0.25.0-9-g26727b657a (webtiles) character file.

Game seed: 1372297723939455795

399 nikku the Skirmisher (level 6, 0/58 HPs)
             Began as a Minotaur Berserker on June 20, 2020.
             Was a Believer of Trog.
             Succumbed to a worker ant's poison
             ... on level 5 of the Dungeon.
             The game lasted 00:07:25 (3274 turns).

nikku the Skirmisher (Minotaur Berserker)           Turns: 3274, Time: 00:07:25

Health: 0/58       AC:  7    Str: 24    XL:     6   Next: 54%
Magic:  5/5        EV: 10    Int:  4    God:    Trog [**....]
Gold:   197        SH:  0    Dex:  9    Spells: 5/5 levels left

rFire    . . .     SeeInvis .   a - +1 hand axe
rCold    . . .     Gourm    .   (no shield)
rNeg     . . .     Faith    .   d - +0 scale mail
rPois    .         Spirit   .   (helmet restricted)
rElec    .         Reflect  .   (no cloak)
rCorr    .         Harm     .   (no gloves)
MR       .....                  (no boots)
Stlth    ..........             (no amulet)
HPRegen  0.19/turn              (no ring)
MPRegen  0.09/turn              (no ring)

@: lethally poisoned (0 -> -18)
A: retaliatory headbutt, horns 2
a: Berserk, Trog's Hand, Renounce Religion


You were on level 5 of the Dungeon.
You worshipped Trog.
Trog was pleased with you.
You were not hungry.

You visited 1 branch of the dungeon, and saw 5 of its levels.

You collected 197 gold pieces.

Inventory:

Hand Weapons
 a - a +1 hand axe (weapon)
Missiles
 f - 2 javelins (quivered)
 k - 4 silver javelins
 o - 10 poisoned darts
Armour
 d - a +0 scale mail (worn)
Wands
 l - a wand of acid (12)
Scrolls
 b - a scroll of fog
 e - a scroll of fear {unknown}
 m - a scroll of identify
Potions
 g - a potion of haste
 h - a potion of mutation
 i - 3 potions of resistance
 j - a potion of invisibility
 n - 2 potions of curing
Comestibles
 c - 6 rations


   Skills:
 * Level 6.8 Fighting
 + Level 5.4 Axes
 + Level 4.6 Armour
 - Level 2.1 Dodging


You had 5 spell levels left.
You didn't know any spells.
Your spell library was empty.

Dungeon Overview and Level Annotations

Branches:
Dungeon (5/15)
 Temple: D:4-7

Altars:
Gozag
Makhleb


Innate Abilities, Weirdness & Mutations

You reflexively headbutt those who attack you in melee.
You have a pair of horns on your head.


Message History

The worker ant bites you but does no damage.
You hit the worker ant but do no damage.
The worker ant is severely wounded.
* * * LOW HITPOINT WARNING * * *
You feel sick. The worker ant bites you.
* * * LOW HITPOINT WARNING * * *
You are more poisoned.
The worker ant poisons you!
The crimson imp throws a stone.
The stone hits you but does no damage.
You slash the worker ant!
You kill the worker ant!
Trog accepts your kill.
* * * LOW HITPOINT WARNING * * *
You feel sick.
The crimson imp throws a stone.
The stone barely misses you.
* * * LOW HITPOINT WARNING * * *
You feel sick.
The crimson imp throws a stone.
The stone hits you but does no damage.
Things that are here:
a stone; a worker ant corpse You die...

.. ..... ...##.#.#
...###
###.#..(..###........
..#..........##....#...
..#...........#....#...
..............#........
........###...#....#...
.......................
##...<.@.##.#..........
......((.##.#.#...#.#..
..####)(..).#..........
#......#.....##...
#......#...##.....
.........#..........
..........#..........
...........#.#........
#.......5..#..........


There were no monsters in sight!

Vanquished Creatures
  An ogre (D:4)
  2 orc wizards
  3 worker ants
  9 adders
  3 worms
  3 leopard geckos
  11 orcs
  3 giant cockroaches
  11 goblins
  9 hobgoblins
  4 jackals (D:2)
  12 kobolds
  A quokka (D:3)
  3 ball pythons
  6 bats
  3 frilled lizards (D:2)
  A quokka skeleton (D:3)
  A quokka zombie (D:5)
  5 rats
91 creatures vanquished.

Notes
Turn   | Place    | Note
-------+----------+-------------------------------------------
     0 | D:1      | nikku the Minotaur Berserker began the quest for the Orb.
     0 | D:1      | Reached XP level 1. HP: 19/19 MP: 0/0
   194 | D:1      | Reached skill level 4 in Fighting
   213 | D:1      | Reached XP level 2. HP: 27/27 MP: 1/1
   693 | D:2      | Reached XP level 3. HP: 26/34 MP: 2/2
   737 | D:2      | Reached ** piety under Trog
  1052 | D:2      | Reached XP level 4. HP: 39/41 MP: 3/3
  1144 | D:2      | Reached skill level 5 in Fighting
  1816 | D:3      | Found an opulent altar of Gozag.
  1903 | D:3      | Reached XP level 5. HP: 45/50 MP: 4/4
  2416 | D:3      | Found a burning altar of Makhleb.
  2488 | D:4      | Reached skill level 6 in Fighting
  2517 | D:4      | Reached skill level 5 in Axes
  2563 | D:4      | Noticed an ogre
  2572 | D:4      | Killed an ogre
  2572 | D:4      | Reached XP level 6. HP: 27/58 MP: 5/5
  3211 | D:5      | Entered Level 5 of the Dungeon
  3273 | D:5      | HP: 2/58 [poisoned by a worker ant]
  3274 | D:5      | Succumbed to a worker ant's poison

Illustrated notes

Levels and vault maps discovered:
D:1:      dpeg_arrival_shelter, layout_loops_ring
D:2:      layout_basic
D:3:      minmay_angry_zag, layout_rooms,
          nicolae_gozag_cash_rules_everything_around_me, lemuel_round_altar,
          first_ration, serial_glass, glass_columns_c, glass_columns_c
D:4:      layout_rooms, chequers_hall_statues_corner_a, minivault_23,
          minivault_11, mrwooster_statue_mirror
D:5:      layout_basic, nicolae_temple_entry_ecumenical, serial_shops, shop,
          shop_fountains, kennysheep_mini, uniq_eustachio

Skill      XL: |  1  2  3  4  5 |
---------------+----------------+-----
Fighting       | 4 5 6 |  6.8
Axes           | 4 5 |  5.4
Armour         | 3 4 |  4.6
Dodging        | |  2.1

Action                   |  1- 3 |  4- 6 || total
-------------------------+-------+-------++-------
Melee: Hand axe          |    65 |   149 ||   214
       Headbutt          |     9 |    19 ||    28
Invok: Trog's Hand       |     1 |     4 ||     5
       Berserk           |       |     3 ||     3
  Use: Scroll            |     3 |     9 ||    12
  Eat: Chunk             |     1 |    11 ||    12
Armor: Ring mail         |    28 |       ||    28
       Scale mail        |     1 |    86 ||    87
Dodge: Dodged            |    50 |    93 ||   143
